AoeStats
← cambrolove

Arabia

510181430Analyzed
1v1 RM · 4d ago on Sep 29, 2026· 66m 6s· 2 players
Game mode
Random Map
Map size
Tiny (2 player)
Population
200
Speed
Normal
Resources
Standard
Victory
Conquest
Starting age
Dark Age
Ending age
Imperial Age
RankedLock teamsTeams togetherTeam positionsShared explorationLock speedFull tech treeHidden civsTurbo modeCheats
Victory
Defeat
🇷🇺 Lithuanians · Russia
1005
+30
🇺🇸 Spanish · United States
981
-15
cambrolove
13:15 Feudal Age
14:27 Loom
17:57 Castle Age
15:58 Horse Collar
28:22 Town Watch
33:50 Wheelbarrow
32:55 Pikeman
34:37 Town Patrol
35:21 Hand Cart
35:27 Gold Mining
38:31 Imperial Age
37:30 Forging
37:34 Elite Skirmisher
40:00 Conscription
39:01 Elite Conquistador
41:16 Chemistry
42:21 Halberdier
55:16 Double-Bit Axe
bielus
7:48 Loom
9:55 Feudal Age
15:16 Castle Age
15:22 Double-Bit Axe
16:48 Bow Saw
18:54 Horse Collar
22:17 Light Cavalry
24:58 Heavy Plow
26:59 Wheelbarrow
30:48 Hand Cart
34:04 Imperial Age
32:32 Bloodlines
32:22 Husbandry
33:04 Devotion
33:40 Fletching
34:02 Forging
33:53 Scale Mail Armor
33:33 Elite Skirmisher
34:51 Pikeman
36:29 Conscription
38:04 Two-Man Saw
37:22 Husbandry
39:35 Iron Casting
39:59 Onager
40:44 Gold Mining
42:09 Scale Barding Armor
44:29 Chemistry
43:26 Winged Hussar
45:16 Chain Barding Armor
50:21 Block Printing
50:17 Redemption
51:06 Plate Barding Armor
50:58 Thumb Ring
51:21 Hand Cart
53:18 Fletching
53:28 Padded Archer Armor
55:39 Heavy Cavalry Archer
57:58 Bodkin Arrow
58:18 Leather Archer Armor
61:59 Bracer
62:29 Ring Archer Armor
67:12 Hoardings
Connection lost

Rejoining the realm…

Still unreachable

The connection could not be restored.

Session expired

The server has moved on; the page needs a fresh start.